 Dungeon Crawl Stone Soup version 0.17.0-23-g0de4337 (webtiles) character file.

67856 Medar the Unseen (level 15, -1/82 HPs)
             Began as a Kobold Enchanter on Nov 14, 2015.
             Was the Champion of Fedhas.
             Slain by an orc warrior
             ... wielding a +0 dire flail
              (14 damage)
             ... while paralysed by an orc sorcerer
             ... on level 4 of the Orcish Mines.
             The game lasted 02:37:52 (27753 turns).

Medar the Unseen (Kobold Enchanter)                Turns: 27753, Time: 02:37:52

Health: -1/82      AC:  7    Str:  8    XL:     15   Next: 67%
Magic:  18/28      EV:  3    Int: 23    God:    Fedhas [******]
Gold:   2394       SH:  0    Dex: 17    Spells: 9 memorised, 5 levels left

rFire  + + .     SeeInvis .     e - +0 dagger (flame)
rCold  . . .     Clarity  +     X - +1 robe of Masochism {rN+ Int+5}
rNeg   + . .     SustAt   .     M - +2 buckler
rPois  +         Gourm    .     s - +0 helmet
rElec  .         Spirit   .     Q - -1 cloak of Atenysi {rPois rF+}
rCorr  .         Warding  .     (no gloves)
rMut   .         Stasis   .     A - +2 pair of boots of Summer {rF+ Regen+ Slay+2}
MR     +....                    g - amulet of clarity
Stlth  +++++++++.               O - ring of wizardry
                                T - ring of stealth

@: paralysed, very slightly contaminated, invisible, somewhat resistant to
hostile enchantments, incredibly stealthy
A: blurry vision 1, carnivore 3
a: Evolution, Sunlight, Growth, Reproduction, Rain, Renounce Religion


You were on level 4 of the Orcish Mines.
You worshipped Fedhas.
Fedhas was exalted by your worship.
You were very full.

You visited 4 branches of the dungeon, and saw 25 of its levels.
You also visited: Ice Cave.

You collected 2588 gold pieces.
You spent 194 gold pieces at shops.

Inventory:

Hand Weapons
 a - a +2 dagger of electrocution
 b - a +0 blowgun
 c - the +0 short sword of the Maze {vamp, Str+2}
   (You found it on level 7 of the Dungeon)

   It inflicts no extra harm, but heals its wielder somewhat when it strikes a
   living foe.
   It affects your strength (+2).
 e - a +0 dagger of flaming (weapon)
 q - a +1 rapier of venom
Missiles
 r - 95 poisoned needles
Armour
 s - a +0 helmet (worn)
 z - a +2 robe of cold resistance
 A - the +2 pair of boots of Summer (worn) {rF+ Regen+ Slay+2}
   (You found it on level 6 of the Dungeon)

   It affects your accuracy and damage with ranged weapons and melee attacks
   (+2).
   It protects you from fire.
   It increases your rate of regeneration.
 M - a +2 buckler (worn)
 Q - the -1 cloak of Atenysi (worn) {rPois rF+}
   (You found it on level 2 of the Lair of Beasts)

   It protects you from fire.
   It protects you from poison.
 X - the +1 robe of Masochism (worn) {rN+ Int+5}
   (You found it on level 3 of the Lair of Beasts)

   It affects your intelligence (+5).
   It protects you from negative energy.
Rods
 U - a +1 rod of shadows (9/9) {!a}
   (You found it on level 2 of the Lair of Beasts)
Jewellery
 f - an uncursed ring of teleportation
 g - an amulet of clarity (around neck)
 t - an uncursed ring of protection from fire
 I - an uncursed amulet of warding
 O - a ring of wizardry (right hand)
 R - an uncursed ring of sustain attributes
 T - a ring of stealth (left hand)
 V - an uncursed ring of see invisible
Wands
 d - a wand of draining (8)
 D - a wand of digging (10)
 G - a wand of paralysis (14)
 N - a wand of cold (9)
 W - a wand of fire (6)
 Y - a wand of disintegration (8)
Scrolls
 k - 5 scrolls of fog
 l - a scroll of remove curse {@r1}
 u - 3 scrolls of recharging
 v - a scroll of blinking {unknown}
 H - 2 scrolls of fear
 P - 2 scrolls of teleportation
Potions
 i - 8 potions of curing {@q1}
 j - a potion of haste
 m - 2 potions of flight
 o - 4 potions of agility
 p - 2 potions of brilliance
 w - 2 potions of heal wounds
 y - a potion of ambrosia {unknown}
 B - 3 potions of might
 F - 2 potions of cancellation
 S - 2 potions of invisibility
 Z - a potion of resistance
Miscellaneous
 J - a sack of spiders
Comestibles
 n - 38 fruits {@e3}
 C - 5 beef jerkies
 L - 11 meat rations {@e2}


   Skills:
 - Level 5.0 Fighting
 - Level 12.0 Short Blades
 + Level 1.0 Armour
 - Level 10.0 Dodging
 - Level 20.0 Stealth
 - Level 4.2 Shields
 - Level 9.0 Spellcasting
 - Level 1.0 Conjurations
 - Level 12.0 Hexes
 - Level 1.5 Charms
 - Level 2.2 Translocations
 - Level 2.2 Ice Magic
 - Level 3.0 Air Magic
 - Level 6.0 Invocations


You had 5 spell levels left.
You knew the following spells:

 Your Spells              Type           Power        Failure   Level  Hunger
c - Dazzling Spray        Conj/Hex       #####...     1%          3    None
d - Ensorcelled Hibernat  Hex/Ice        #####.       1%          2    None
e - Swiftness             Chrm/Air       ###.....     1%          2    None
f - Confuse               Hex            ######..     1%          3    None
i - Invisibility          Hex            ######..     4%          6    ######.
k - Tukima's Dance        Hex            ######..     1%          3    None
s - Corona                Hex            ######.      1%          1    None
w - Blink                 Tloc           N/A          1%          2    None
I - Silence               Hex/Air        #####.....   4%          5    ####...


Dungeon Overview and Level Annotations

Branches:
Dungeon (12/15)            Temple (1/1) D:7            Lair (8/8) D:8
 Shoals (0/4) Lair:6        Snake (0/4) Lair:5        Slime (0/6) Lair:8
    Orc (4/4) D:12
    Elf: Orc:3-4

Altars:
Ashenzari
Cheibriados
Dithmenos
Elyvilon
Fedhas
Gozag
Kikubaaqudgha
Makhleb
Nemelex Xobeh
Okawaru
Qazlal
Ru
Sif Muna
Trog
Vehumet
Xom
Yredelemnul
Zin
The Shining One
Beogh

Shops:
D:4 [   D:7 %   Orc:1 *   Orc:4 *

Annotations:
Lair:2 Erica
Lair:8 forest, exclusions: hydra and 1 more exclusion


Innate Abilities, Weirdness & Mutations

You are small and have problems with some larger weapons.
You are carnivorous and can eat meat at any time.
Scrolls take you a little longer to read.


Message History

* * * LOW HITPOINT WARNING * * *
The orc sorcerer moves out of view.
The orc wizard casts a spell.
The orc wizard flickers and vanishes!
A magic dart appears from out of thin air!
The magic dart hits you!
* * * LOW HITPOINT WARNING * * *
The orc wizard hits you but does no damage.
The orc sorcerer hits you with a dagger.
* * * LOW HITPOINT WARNING * * *
An orc sorcerer comes into view. It is wielding a dagger.
The orc wizard hits you but does no damage.
The orc sorcerer hits you but does no damage.
A puff of frost appears from out of thin air!
Helpless, you fail to dodge the puff of frost.
* * * LOW HITPOINT WARNING * * *
The orc sorcerer casts a spell.
The orc warrior hits you with a dire flail!
You die...
Fedhas appreciates your contribution to the ecosystem.

###############
..
...4{..o......##
..
.....oo@)).....##
..
####.oo######ff.#
.. ...o.oo ##..#
##. ..o4.oo ##f#
.. 3.o#### #.# #
.o #.# # o #.# #
#.# #.# #


You could see an orc high priest, a hellwing (wandering), a blue devil
(wandering), a neqoxec (wandering), 2 orc sorcerers, 3 orc warriors, 2 orc
priests, 6 orc wizards and 2 friendly wandering mushrooms.

Vanquished Creatures
  Donald (Orc:4)
  An orc warlord (Orc:4)
  3 hydras
  Harold (D:10)
  Erolcha (Orc:2)
  A catoblepas (Lair:8)
  12 death yaks
  A queen ant (Lair:5)
  A fire crab (Lair:5)
  A hill giant (D:11)
  A lindwurm (Lair:5)
  A cyclops (D:11)
  A griffon (Lair:7)
  15 spiny frogs
  A centaur zombie (D:12)
  7 black mambas
  Joseph (D:9)
  11 elephants
  2 fire drakes
  A kobold demonologist (D:11)
  14 komodo dragons
  2 trolls
  5 slime creatures
  16 polar bears
  9 blink frogs
  Sigmund (D:5)
  A deep elf mage (D:7)
  A wyvern (Lair:7)
  A redback (Lair:8)
  34 yaks
  7 vampire mosquitoes (D:12)
  6 hippogriffs
  3 hungry ghosts
  2 basilisks
  A human (D:10)
  A warg (D:12)
  20 wolves
  Edmund (D:4)
  21 water moccasins
  19 soldier ants (Lair:5)
  2 wasps
  A mottled dragon (D:7)
  3 sky beasts
  21 orc warriors
  16 porcupines
  3 centaurs
  2 black bears
  A necrophage (D:6)
  An eye of draining (D:12)
  3 ice beasts
  15 ogres
  A phantom (D:7)
  15 crocodiles
  12 giant frogs
  2 big kobolds
  2 scorpions (D:11)
  A wyvern skeleton (D:12)
  A water moccasin skeleton (D:5)
  7 wights
  3 electric eels
  2 giant frog zombies
  2 crimson imps
  8 hounds
  4 quasits
  12 jellies
  25 orc priests
  A gnoll shaman (D:9)
  Jessica (D:4)
  5 iguanas
  34 orc wizards
  4 sheep (D:10)
  25 worker ants
  2 hound skeletons
  A mummy (D:8)
  A worker ant zombie (D:7)
  4 gnolls (D:9)
  16 adders
  51 river rats
  15 oozes (D:6)
  An adder zombie (D:5)
  3 adder skeletons
  5 worms
  2 giant geckos (D:5)
  143 orcs
  8 bats
  8 goblins
  9 hobgoblins
  23 jackals
  3 quokkas
  3 ball pythons
  6 giant cockroaches
  2 giant newts
  3 jackal skeletons
  10 kobolds
  A quokka zombie (D:7)
  5 rats
  2 butterflies (Lair:1)
  2 toadstools (IceCv)
793 creatures vanquished.

Vanquished Creatures (collateral kills)
  A hydra (Lair:4)
  A spiny frog (Lair:5)
  5 blink frogs
  2 slime creatures
  4 spriggans (Lair:8)
  3 yaks (D:11)
  A hippogriff (D:7)
  3 wolves
  A warg (D:12)
  A water moccasin (Lair:5)
  A soldier ant (Lair:5)
  2 porcupines
  An orc warrior (Orc:4)
  A wasp (Lair:8)
  2 giant frogs
  An orc priest (Orc:4)
  2 jellies
  A hound (D:9)
  A worker ant (Lair:5)
  A gnoll (D:9)
  9 orcs
44 creatures vanquished.

Vanquished Creatures (others)
  An oklob plant (Lair:8)
  14 wandering mushrooms
  2 necrophages (D:7)
  An orc wizard (Orc:2)
  6 orcs
  17 fungi
  588 toadstools
629 creatures vanquished.

Grand Total: 1466 creatures vanquished

Notes
Turn   | Place    | Note
--------------------------------------------------------------
     0 | D:1      | Medar the Kobold Enchanter began the quest for the Orb.
     0 | D:1      | Reached XP level 1. HP: 10/10 MP: 3/3
   164 | D:1      | Reached XP level 2. HP: 15/15 MP: 5/5
   185 | D:1      | Learned a level 2 spell: Ensorcelled Hibernation
   659 | D:1      | Reached skill level 1 in Ice Magic
   921 | D:2      | Found a glowing silver altar of Zin.
   955 | D:2      | Reached XP level 3. HP: 19/19 MP: 4/6
  1246 | D:2      | Reached skill level 5 in Stealth
  1491 | D:3      | Reached skill level 6 in Stealth
  1491 | D:3      | Reached XP level 4. HP: 24/24 MP: 7/7
  1564 | D:3      | Reached XP level 5. HP: 16/28 MP: 0/8
  1586 | D:2      | Reached skill level 7 in Stealth
  1848 | D:2      | Learned a level 3 spell: Confuse
  2129 | D:3      | Reached skill level 8 in Stealth
  2129 | D:3      | Reached XP level 6. HP: 27/32 MP: 0/9
  2339 | D:3      | Learned a level 3 spell: Tukima's Dance
  2991 | D:4      | Found a shadowy altar of Dithmenos.
  3175 | D:4      | Noticed Jessica
  3396 | D:4      | Found Onuulial's Armour Boutique.
  3399 | D:4      | Bought a +0 helmet for 63 gold pieces
  3432 | D:4      | Noticed Edmund
  3743 | D:5      | Entered Level 5 of the Dungeon
  3806 | D:4      | Killed Edmund
  3806 | D:4      | Reached skill level 5 in Hexes
  3806 | D:4      | Reached XP level 7. HP: 21/36 MP: 2/10
  3994 | D:5      | Found a white marble altar of Elyvilon.
  4293 | D:5      | Noticed Sigmund
  4391 | D:4      | Reached skill level 5 in Dodging
  4978 | D:5      | Killed Sigmund
  4978 | D:5      | Reached skill level 5 in Short Blades
  4978 | D:5      | Reached XP level 8. HP: 28/41 MP: 6/11
  5167 | D:6      | Found an opulent altar of Gozag.
  5206 | D:6      | Got a pair of distressingly furry boots
  5479 | D:6      | Noticed a komodo dragon
  5831 | D:6      | Learned a level 3 spell: Dazzling Spray
  5847 | D:6      | Noticed a slime creature
  6156 | D:6      | Reached skill level 1 in Conjurations
  6227 | D:6      | Killed a komodo dragon
  6227 | D:6      | Reached XP level 9. HP: 48/48 MP: 10/13
  6753 | D:6      | Reached skill level 9 in Stealth
  7175 | D:6      | Reached skill level 10 in Stealth
  7496 | D:6      | Reached skill level 11 in Stealth
  7547 | D:7      | Found Tysoefoz's Food Boutique.
  7818 | D:7      | Found a staircase to the Ecumenical Temple.
  7827 | Temple   | Entered the Ecumenical Temple
  7991 | Temple   | Became a worshipper of Fedhas Madash
  8134 | D:7      | Reached skill level 12 in Stealth
  8716 | D:7      | Got a smoking short sword
  8728 | D:7      | Bought 5 fruits for 82 gold pieces
  8728 | D:7      | Bought 3 fruits for 49 gold pieces
  9305 | D:7      | Reached XP level 10. HP: 53/53 MP: 1/14
  9463 | D:8      | Found a staircase to the Lair.
  9779 | D:8      | Found a snail-covered altar of Cheibriados.
  9928 | D:8      | Reached * piety under Fedhas
 10093 | Lair:1   | Entered Level 1 of the Lair of Beasts
 10373 | D:8      | Identified the +2 pair of boots of Summer {rF+ Regen+ Slay+2} (You found it on level 6 of the Dungeon)
 10383 | D:8      | Identified the cursed +0 short sword of the Maze {vamp, Str+2} (You found it on level 7 of the Dungeon)
 10810 | Lair:1   | Noticed a four-headed hydra
 11057 | Lair:1   | Reached skill level 10 in Short Blades
 11057 | Lair:1   | Reached XP level 11. HP: 57/57 MP: 8/15
 11102 | Lair:1   | Noticed a spiny frog
 11126 | Lair:1   | Killed a spiny frog
 11258 | Lair:1   | Reached skill level 13 in Stealth
 11589 | Lair:2   | Noticed Erica
 11699 | Lair:1   | Noticed a spiny frog
 11707 | Lair:1   | Killed a spiny frog
 11707 | Lair:1   | Reached skill level 14 in Stealth
 12001 | Lair:2   | Reached skill level 15 in Stealth
 12070 | Lair:2   | Reached skill level 1 in Invocations
 12123 | Lair:2   | Got a shimmering cloak
 12129 | Lair:2   | Identified the cursed -1 cloak of Atenysi {rPois rF+} (You found it on level 2 of the Lair of Beasts)
 12363 | Lair:2   | Learned a level 2 spell: Swiftness
 12524 | Lair:2   | Reached skill level 1 in Air Magic
 12586 | Lair:3   | Reached skill level 1 in Charms
 12775 | Lair:3   | Reached ** piety under Fedhas
 12968 | Lair:3   | Got a dull robe
 13108 | Lair:3   | Reached XP level 12. HP: 56/62 MP: 9/16
 13255 | Lair:4   | Noticed a four-headed hydra
 13268 | Lair:4   | Noticed a seven-headed hydra
 13270 | Lair:4   | Killed a seven-headed hydra
 13336 | Lair:4   | Reached skill level 10 in Hexes
 13530 | Lair:4   | Identified a +1 rod of shadows (9/9) (You found it on level 2 of the Lair of Beasts)
 14361 | Lair:4   | HP: 1/62 [spiny frog (21)]
 14480 | Lair:5   | Found a frozen archway.
 14491 | IceCv    | Entered an ice cave
 14737 | IceCv    | Reached skill level 5 in Spellcasting
 14847 | IceCv    | Learned a level 6 spell: Invisibility
 14958 | IceCv    | Reached XP level 13. HP: 64/67 MP: 15/20
 14963 | IceCv    | Reached skill level 5 in Invocations
 15100 | IceCv    | Got a slimy scale mail
 15484 | IceCv    | Noticed a death yak
 15484 | IceCv    | Noticed a death yak
 15558 | IceCv    | Killed a death yak
 15564 | IceCv    | Reached *** piety under Fedhas
 15568 | IceCv    | Killed a death yak
 15679 | IceCv    | Noticed a frost giant
 15939 | IceCv    | Got a smoking helmet
 16010 | Lair:5   | Learned a level 2 spell: Blink
 16054 | Lair:5   | Identified the cursed +1 robe of Masochism {rN+ Int+5} (You found it on level 3 of the Lair of Beasts)
 16065 | Lair:5   | Identified the +2 helmet "Yfeamn" {rPois rF+ Int-5} (You found it in an ice cave)
 16102 | Lair:5   | Reached skill level 1 in Translocations
 16170 | Lair:5   | Noticed a fire crab
 16257 | Lair:5   | Killed a fire crab
 16257 | Lair:5   | Reached skill level 5 in Fighting
 16358 | Lair:5   | Noticed a queen ant
 16406 | Lair:5   | Killed a queen ant
 16438 | Lair:5   | Reached **** piety under Fedhas
 16539 | Lair:5   | Found a staircase to the Snake Pit.
 16569 | Lair:5   | Reached skill level 10 in Dodging
 16622 | Lair:5   | Reached ***** piety under Fedhas
 17256 | Lair:6   | Reached skill level 1 in Shields
 17494 | Lair:6   | Reached XP level 14. HP: 74/78 MP: 16/21
 17545 | Lair:6   | Found a staircase to the Shoals.
 18450 | Lair:7   | Reached skill level 16 in Stealth
 18490 | Lair:7   | Reached skill level 17 in Stealth
 18659 | Lair:7   | Gained mutation: Scrolls take you a little longer to read. [mutagenic glow]
 18690 | Lair:7   | Reached skill level 18 in Stealth
 19118 | Lair:8   | Entered Level 8 of the Lair of Beasts
 19185 | Lair:8   | Found a staircase to the Slime Pits.
 19471 | Lair:8   | Reached skill level 19 in Stealth
 20168 | Lair:5   | Reached XP level 15. HP: 82/82 MP: 19/22
 20225 | Lair:4   | Killed a four-headed hydra
 20283 | Lair:1   | Killed a four-headed hydra
 20586 | D:7      | Found a sacrificial altar of Ru.
 20623 | D:7      | Got a fine plate armour
 21012 | D:5      | Found a white marble altar of Elyvilon.
 21049 | D:5      | Killed a slime creature
 21444 | D:4      | Killed Jessica
 21452 | D:4      | Found a deep blue altar of Sif Muna.
 21688 | D:9      | Noticed Joseph
 21734 | D:9      | Reached skill level 20 in Stealth
 22370 | D:9      | Found a radiant altar of Vehumet.
 22682 | D:9      | Killed Joseph
 22792 | D:10     | Entered Level 10 of the Dungeon
 23317 | D:10     | Noticed Harold
 23334 | D:10     | Killed Harold
 23517 | D:11     | Found a sacrificial altar of Ru.
 24277 | D:12     | Found a staircase to the Orcish Mines.
 25090 | Lair:1   | Learned a level 5 spell: Silence
 25256 | Orc:1    | Entered Level 1 of the Orcish Mines
 25302 | Orc:1    | Found Camoushre's Off-Brand Ammunition.
 25383 | Orc:1    | Found a roughly hewn altar of Beogh.
 25559 | Orc:2    | Noticed Erolcha
 25566 | Orc:2    | Killed Erolcha
 25786 | Orc:2    | Reached ****** piety under Fedhas
 27044 | Orc:4    | Entered Level 4 of the Orcish Mines
 27051 | Orc:4    | Noticed Donald
 27061 | Orc:4    | Killed Donald
 27223 | Orc:4    | Noticed an orc warlord
 27237 | Orc:4    | Killed an orc warlord
 27414 | Orc:4    | Found Veabomur's Assorted Antiques.
 27561 | Orc:4    | Found a roughly hewn altar of Beogh.
 27731 | Orc:4    | Reached skill level 1 in Armour
 27748 | Orc:4    | Paralysed by an orc sorcerer for 6 turns
 27753 | Orc:4    | Slain by an orc warrior

Action                   |  1- 3 |  4- 6 |  7- 9 | 10-12 | 13-15 || total
-------------------------+-------+-------+-------+-------+-------++-------
Melee: Dagger            |    57 |   186 |   373 |   224 |  1250 ||  2090
       Short sword       |       |       |       |   110 |       ||   110
       Rapier            |       |       |       |       |    16 ||    16
 Fire: Blowgun           |       |       |       |       |     7 ||     7
Throw: Tomahawk          |       |       |     1 |       |       ||     1
       Throwing net      |       |       |       |     1 |       ||     1
 Cast: Corona            |    10 |     6 |     3 |     3 |     4 ||    26
       Ensorcelled Hiber |    10 |    35 |    93 |    83 |   101 ||   322
       Confuse           |       |     1 |    24 |    25 |    16 ||    66
       Dazzling Spray    |       |       |       |     4 |       ||     4
       Invisibility      |       |       |       |       |    23 ||    23
       Tukima's Dance    |       |       |       |       |     5 ||     5
       Blink             |       |       |       |       |     1 ||     1
Invok: Evolution         |       |       |       |     7 |    17 ||    24
Evoke: Wand              |       |       |     3 |     5 |     4 ||    12
  Use: Scroll            |     4 |     8 |     2 |     9 |    12 ||    35
       Potion            |       |     5 |       |     4 |       ||     9
 Stab: Sleeping          |    17 |    35 |    52 |    85 |   163 ||   352
       Confused          |       |       |     7 |    17 |    18 ||    42
       Held in net/web   |       |       |       |     1 |       ||     1
       Distracted        |       |       |       |     2 |     4 ||     6
       Invisible         |       |       |       |       |   141 ||   141
  Eat: Chunk             |    11 |     9 |    27 |    20 |    59 ||   126
       Meat ration       |       |       |       |     1 |       ||     1
       Royal jelly       |       |       |       |       |     1 ||     1
       Pizza             |       |       |       |       |     1 ||     1
